 Dungeon Crawl Stone Soup version 0.25-a0-426-g7d9e569eea (webtiles) character file.

Game seed: 8199135689876909106, levelgen mode: deterministic

8486 kae the Martial Artist (level 11, -4/77 HPs)
             Began as a Pale Draconian Transmuter on Jan 24, 2020.
             Was a Follower of Uskayaw.
             Slain by a black mamba (19 damage)
             ... on level 1 of the Lair of Beasts.
             The game lasted 00:13:39 (13640 turns).

kae the Martial Artist (Pale Draconian Transmuter) Turns: 13640, Time: 00:13:40

Health: -4/77      AC:  8    Str: 14    XL:     11   Next: 10%
Magic:  21/26      EV: 12    Int: 13    God:    Uskayaw [*.....]
Gold:   523        SH:  0    Dex: 14    Spells: 3/16 levels left

rFire    . . .     SeeInvis +     - Unarmed
rCold    . . .     Gourm    .   (shield currently unavailable)
rNeg     . . .     Faith    .   (armour unavailable)
rPois    +         Spirit   .   (helmet restricted)
rElec    .         Reflect  .   y - +0 cloak "Omogh" {rPois Regen+}
rCorr    .         Harm     .   (gloves currently unavailable)
MR       .....                  (no boots)
Stlth    +.........             (no amulet)
HPRegen  0.62/turn              o - ring of magical power
MPRegen  0.20/turn              s - ring of see invisible

@: blade hands
A: breathe steam, unfitting armour, cold-blooded, AC +7
a: Breathe Steam, End Transformation, Stomp, Renounce Religion


You were on level 1 of the Lair of Beasts.
You worshipped Uskayaw.
Uskayaw was aware of your devotion.
You were very hungry.
You had blades for hands.
You visited 3 branches of the dungeon, and saw 12 of its levels.

You collected 523 gold pieces.

Inventory:

Hand Weapons
 v - a +1 scimitar of flaming
Missiles
 a - 340 arrows
Armour
 y - the +0 cloak "Omogh" (worn) {rPois Regen+}
   (You acquired it on level 10 of the Dungeon)

   It protects you from poison.
   It increases your rate of regeneration.
Jewellery
 o - a ring of magical power (left scythe-like blade)
 s - a ring of see invisible (right scythe-like blade)
 t - an uncursed ring of ice
 x - a cursed amulet of inaccuracy {unknown}
Wands
 p - a wand of iceblast (11)
 z - a wand of random effects (13)
 A - a wand of enslavement (8)
Scrolls
 b - 3 scrolls of teleportation
 f - 5 scrolls of remove curse
 k - 6 scrolls of enchant weapon
 m - a scroll of magic mapping
 w - a scroll of fear
 B - 2 scrolls of immolation
 C - a scroll of brand weapon {unknown}
Potions
 d - 3 potions of curing
 e - a potion of agility
 g - 2 potions of ambrosia
 h - 2 potions of heal wounds
 i - a potion of brilliance
 j - 4 potions of mutation {unknown}
 l - 2 potions of haste {unknown}
 n - a potion of resistance
 q - a potion of flight {unknown}
 r - a potion of berserk rage {unknown}
 u - a potion of invisibility
Comestibles
 c - 15 rations


   Skills:
 - Level 1.1 Fighting
 + Level 2.2 Dodging
 * Level 11.9 Unarmed Combat
 - Level 3.0 Spellcasting
 - Level 9.4 Transmutations
 + Level 9.0 Invocations


You had 3 spell levels left.
You knew the following spells:

 Your Spells              Type           Power        Failure   Level  Hunger
a - Beastly Appendage     Tmut           ####..       12%         1    #......
b - Sticks to Snakes      Tmut           ####....     13%         2    ###....
c - Spider Form           Tmut/Pois      ##........   45%         3    ###....
d - Blade Hands           Tmut           ####......   52%         5    ######.
e - Swiftness             Chrm/Air       #.......     77%         2    ###....

Your spell library contained the following spells:

 Spells                   Type           Power        Failure   Level  Hunger
 Animate Skeleton         Necr           N/A          65%         1    #......
 Foxfire                  Conj/Fire      #...         65%         1    #......
 Pain                     Necr           #...         65%         1    #......
 Shock                    Conj/Air       #...         65%         1    #......
 Static Discharge         Conj/Air       #.......     90%         3    ###....
 Vampiric Draining        Necr           #.........   90%         3    ###....
 Ice Form                 Ice/Tmut       ##......     75%         4    #####..
 Airstrike                Air            #.........   99%         4    #####..
 Animate Dead             Necr           N/A          99%         4    #####..
 Cause Fear               Hex            #.........   99%         4    #####..
 Agony                    Necr           #.......     100%        5    ######.
 Lightning Bolt           Conj/Air       #.........   100%        5    ######.
 Dragon Form              Tmut           ####......   100%        7    #######
 Dragon's Call            Summ           #.........   100%        9    #######


Dungeon Overview and Level Annotations

Branches:
Dungeon (10/15)            Temple (1/1) D:4            Lair (1/6) D:8
    Orc (0/2) D:9

Altars:
Ashenzari
Cheibriados
Dithmenos
Elyvilon
Fedhas
Gozag
Hepliaklqana
Kikubaaqudgha
Makhleb
Nemelex Xobeh
Okawaru
Qazlal
Ru
Sif Muna
Trog
Uskayaw
Vehumet
Wu Jian
Xom
Yredelemnul
Zin
The Shining One

Annotations:
D:4 1 runed translucent door, Crazy Yiuf
D:10 exclusion: hydra


Innate Abilities, Weirdness & Mutations

You can breathe blasts of scalding, opaque steam.
Your pale cyan-grey scales are hard. (AC +7)
You cannot fit into any form of body armour.
You are cold-blooded and may be slowed by cold attacks.


Message History

You are feeling very hungry.
A black mamba comes into view.
A black mamba is nearby!
The black mamba bites you!
You miss the black mamba. The black mamba bites you!
You closely miss the black mamba.
Your tail-slap misses the black mamba.
The black mamba bites you! x2
You are too injured to fight recklessly!
You are too injured to fight recklessly!
You are too injured to fight recklessly!
Casting: Spider Form (safe; 10% risk of failure)
Confirm with . or Enter, or press ? or * to list all spells.
Your hands turn into razor-sharp scythe blades.
The black mamba misses you. The black mamba bites you.
The black mamba bites you!
* * * LOW HITPOINT WARNING * * *
You slash the black mamba! You tail-slap the black mamba.
The black mamba is moderately wounded.
The black mamba misses you. The black mamba bites you!!
You die...

####................#
##..........##...##
###.....#..###.#...#
.........####..#...#
...................#
...................#
...................##
....................#
................@...#
##.##...........S..##
#### .....##.###...#
.## ## #...# ....#
+...# #...# #...#


You could see a black mamba.

Vanquished Creatures
  Erolcha (D:10)
  Erica (D:8)
  An unseen horror (D:9)
  An ugly thing (D:9)
  Joseph (D:10)
  4 trolls
  3 hippogriffs
  A hungry ghost (D:7)
  A vampire mosquito (D:9)
  A sky beast (D:8)
  2 orc warriors
  3 water moccasins
  A phantom (D:8)
  A necrophage (D:9)
  8 wolves (Lair:1)
  4 ogres
  3 centaurs
  3 crocodiles
  8 bullfrogs
  A gnoll sergeant (D:7)
  A water moccasin zombie (D:9)
  4 wights (D:8)
  3 howler monkeys (D:8)
  A bullfrog zombie (D:5)
  4 crimson imps
  A jelly (D:3)
  A centaur zombie (D:8)
  3 quasits
  4 hounds
  2 orc priests
  4 iguanas
  A worker ant (D:6)
  6 orc wizards
  A hound zombie (D:10)
  2 hound skeletons
  A worker ant zombie (D:6)
  10 adders
  9 gnolls
  A shadow imp (D:7)
  3 oozes
  An adder skeleton (D:9)
  5 dart slugs
  7 leopard geckos
  28 orcs
  12 giant cockroaches
  6 hobgoblins
  10 jackals
  4 quokkas
  2 ball pythons (D:3)
  6 bats
  9 frilled lizards
  11 goblins
  6 kobolds
  13 rats
231 creatures vanquished.

Vanquished Creatures (collateral kills)
  A gnoll (D:1)
  A ball python (D:1)
  A hobgoblin (D:1)
  A jackal (D:1)
4 creatures vanquished.

Vanquished Creatures (others)
  A plant (D:5)
1 creature vanquished.

Grand Total: 236 creatures vanquished

Notes
Turn   | Place    | Note
-------+----------+-------------------------------------------
     0 | D:1      | kae the Draconian Transmuter began the quest for the Orb.
     0 | D:1      | Reached XP level 1. HP: 16/16 MP: 3/3
   237 | D:1      | Reached XP level 2. HP: 23/23 MP: 3/5
   319 | D:1      | Learned a level 2 spell: Sticks to Snakes
   725 | D:1      | Reached XP level 3. HP: 19/28 MP: 1/6
  1359 | D:2      | Learned a level 3 spell: Spider Form
  1482 | D:2      | Reached XP level 4. HP: 35/35 MP: 6/8
  2279 | D:3      | Reached XP level 5. HP: 40/40 MP: 5/9
  2428 | D:3      | Found a shattered altar of Ashenzari.
  2767 | D:3      | Reached skill level 5 in Transmutations
  3138 | D:4      | Found an ancient bone altar of Kikubaaqudgha.
  3206 | D:4      | Found a staircase to the Ecumenical Temple.
  3381 | Temple   | Entered the Ecumenical Temple
  3427 | Temple   | Became a worshipper of Uskayaw the Reveler
  3449 | D:4      | Found a blossoming altar of Fedhas.
  3593 | D:4      | Reached * piety under Uskayaw
  3601 | D:4      | Reached XP level 6. HP: 40/47 MP: 10/10
  3635 | D:4      | Found a runed translucent door.
  3636 | D:4      | Noticed Crazy Yiuf
  3817 | D:4      | Learned a level 5 spell: Blade Hands
  3838 | D:5      | Entered Level 5 of the Dungeon
  3860 | D:5      | Reached ** piety under Uskayaw
  4871 | D:5      | Reached *** piety under Uskayaw
  4874 | D:5      | Reached **** piety under Uskayaw
  4885 | D:5      | Reached ***** piety under Uskayaw
  5120 | D:6      | Your scales start taking on a pale cyan-grey colour.
  5120 | D:6      | Reached XP level 7. HP: 36/52 MP: 9/11
  5593 | D:6      | Found the +6 lightning scales {run, rElec}
  6387 | D:7      | Noticed a hippogriff
  6388 | D:7      | Found a glowing silver altar of Zin.
  6412 | D:7      | Killed a hippogriff
  6412 | D:7      | Reached XP level 8. HP: 49/59 MP: 12/12
  6433 | D:7      | Reached skill level 1 in Invocations
  6460 | D:7      | Noticed a hippogriff
  6478 | D:7      | Killed a hippogriff
  6478 | D:7      | Reached skill level 4 in Unarmed Combat
  6817 | D:7      | HP: 2/59 [poisoned by a gnoll]
  6824 | D:7      | HP: 2/59 [poisoned by a gnoll]
  7580 | D:7      | Reached skill level 5 in Unarmed Combat
  8082 | D:8      | Reached skill level 6 in Unarmed Combat
  8160 | D:8      | Reached XP level 9. HP: 51/64 MP: 13/13
  9029 | D:8      | Found a staircase to the Lair.
  9101 | D:8      | Reached skill level 7 in Unarmed Combat
  9104 | D:8      | Noticed Erica
  9115 | D:8      | Killed Erica
  9115 | D:8      | Reached skill level 8 in Unarmed Combat
  9115 | D:8      | Reached skill level 5 in Invocations
 10201 | D:9      | Reached skill level 9 in Unarmed Combat
 10229 | D:9      | Noticed a troll
 10501 | D:9      | Found a staircase to the Orcish Mines.
 10517 | D:9      | Killed a troll
 10645 | D:9      | Noticed an unseen horror
 10655 | D:9      | Killed an unseen horror
 10655 | D:9      | Reached XP level 10. HP: 41/71 MP: 13/15
 10659 | D:9      | Noticed a purple ugly thing
 10671 | D:9      | Killed a purple ugly thing
 10671 | D:9      | Reached skill level 10 in Unarmed Combat
 11052 | D:9      | Found a runed translucent door.
 11052 | D:9      | Found a runed translucent door.
 11439 | D:10     | Entered Level 10 of the Dungeon
 11446 | D:10     | Noticed Joseph
 11461 | D:10     | Noticed Erolcha
 11466 | D:10     | Killed Joseph
 11471 | D:10     | Killed Erolcha
 11471 | D:10     | Reached skill level 11 in Unarmed Combat
 12549 | D:10     | Noticed a six-headed hydra
 12917 | D:10     | Identified a scroll of acquirement
 12917 | D:10     | Identified the Disquisition on Lucky Ignition (You acquired
                  | it on level 10 of the Dungeon)
 12917 | D:10     | Identified the +0 cloak "Omogh" {rPois Regen+} (You
                  | acquired it on level 10 of the Dungeon)
 12917 | D:10     | Identified the amulet "Lochim" {RegenMP rC+ Str+2 Dex+4}
                  | (You acquired it on level 10 of the Dungeon)
 12927 | D:10     | Learned a level 2 spell: Swiftness
 12993 | Lair:1   | Entered Level 1 of the Lair of Beasts
 13140 | Lair:1   | Reached XP level 11. HP: 56/77 MP: 17/17
 13640 | Lair:1   | Slain by a black mamba

Levels and vault maps discovered:
D:1:      minmay_arrival_arboretum_large, layout_loops_corners
D:2:      layout_loops_ring, first_ration
D:3:      layout_basic, nicolae_ashenzari_panopticon
D:4:      layout_loops_ring, overflow_temple_1_default,
          minmay_temple_entry_glass, fedhas_altar_2, uniq_crazy_yiuf_cottage
D:5:      layout_loops_ring, minmay_lizard_king
D:6:      layout_cave_pools, hangedman_abyss_or_decor_lesser_grid
D:7:      kennysheep_big_flooded_room, layout_cave_pods, basic_altar
D:8:      layout_basic, dpeg_oklobed_lair, uniq_erica
D:9:      minmay_the_grid_triangle_9x9_recursive_2
          [minmay_the_grid_triangle_9x9_prize_center,
          minmay_the_grid_triangle_9x9_tough_junction,
          minmay_the_grid_triangle_9x9_odd_lines,
          minmay_the_grid_triangle_9x9_dagger], layout_cave_pods, orc_0_dummy
D:10:     layout_loops_cross, serial_glass, glass_columns_a, glass_columns_a,
          glass_columns_b, glass_columns_a, uniq_erolcha, uniq_sonja,
          uniq_joseph
Temple:   nicolae_temple_the_god_donut
Lair:1:   layout_regular_city

Skill      XL: |  1  2  3  4  5  6  7  8  9 10 11 |
---------------+----------------------------------+-----
Transmutations | 3 4 5 7 9 |  9.4
Spellcasting   | 3 |  3.0
Invocations    | 4 7 8 9 |  9.0
Unarmed Combat | 6 9 11 | 11.9
Dodging        | 2 |  2.2
Fighting       | |  1.1

Action                   |  1- 3 |  4- 6 |  7- 9 | 10-12 || total
-------------------------+-------+-------+-------+-------++-------
Melee: Unarmed           |   135 |   304 |   275 |   183 ||   897
       Kick              |    12 |    10 |     3 |       ||    25
       Tailslap          |     6 |    31 |    17 |    13 ||    67
       Punch             |     1 |     3 |     3 |     6 ||    13
       Headbutt          |     7 |    11 |       |       ||    18
 Cast: Beastly Appendage |    19 |    32 |     2 |       ||    53
       Sticks to Snakes  |     5 |     1 |       |       ||     6
       Spider Form       |       |     8 |    21 |     7 ||    36
       Blade Hands       |       |       |    11 |     8 ||    19
Invok: Stomp             |       |       |     2 |       ||     2
       Line Pass         |       |       |     1 |       ||     1
 Abil: Breathe Steam     |       |       |     1 |       ||     1
Evoke: Wand              |       |       |       |     1 ||     1
  Use: Scroll            |       |    12 |     6 |     3 ||    21
       Potion            |       |     1 |     1 |       ||     2
 Stab: Paralysed         |       |     5 |     6 |    11 ||    22
       Sleeping          |       |       |     1 |       ||     1
  Eat: Chunk             |     3 |    12 |    23 |     6 ||    44
       Ration            |       |       |     1 |     2 ||     3
Armor: Skin              |    68 |    70 |    54 |    40 ||   232
Dodge: Dodged            |   110 |   183 |   213 |   116 ||   622

Table legend:
 A = Non-vault XP
 B = Vault XP
 C = Vault XP percentage of total XP
 D = Non-vault monster count
 E = Vault monster count
 F = Vault count percentage of total count
                 A         B        C        D         E       F
            +---------+---------+-------+---------+---------+-------
      Total |    6926 |    5197 |  42.9 |     200 |      28 |  12.3
            +---------+---------+-------+---------+---------+-------
        D:1 |      51 |       0 |   0.0 |      24 |       0 |   0.0
        D:2 |      84 |       0 |   0.0 |      32 |       0 |   0.0
        D:3 |     140 |       0 |   0.0 |      32 |       0 |   0.0
        D:4 |     124 |       0 |   0.0 |      10 |       0 |   0.0
        D:5 |     217 |      48 |  18.1 |       4 |       9 |  69.2
        D:6 |     453 |       0 |   0.0 |      10 |       0 |   0.0
        D:7 |    1235 |     119 |   8.8 |      19 |       2 |   9.5
        D:8 |    1279 |     929 |  42.1 |      32 |       1 |   3.0
        D:9 |     487 |    2661 |  84.5 |       7 |      14 |  66.7
       D:10 |     883 |    1440 |  62.0 |      14 |       2 |  12.5
     Lair:1 |    1973 |       0 |   0.0 |      16 |       0 |   0.0
            +---------+---------+-------+---------+---------+-------
